 Dungeon Crawl Stone Soup version 0.25.0-10-g039870ee82 (webtiles) character file.

Game seed: 12446788561692282367

(classic levelgen) 254 EnegeticOcto the Skirmisher (level 6, 0/40 HPs)
             Began as a Gargoyle Fighter on June 23, 2020.
             Was an Initiate of the Shining One.
             Slain by a gnoll
             ... wielding a +0 halberd
              (4 damage)
             ... on level 4 of the Dungeon.
             The game lasted 00:02:11 (3056 turns).

EnegeticOcto the Skirmisher (Gargoyle Fighter)      Turns: 3056, Time: 00:02:12

Health: 0/40       AC: 16    Str: 27    XL:     6   Next: 15%
Magic:  6/6        EV:  7    Int:  9    God:    the Shining One [......]
Gold:   229        SH: 10    Dex:  9    Spells: 5/5 levels left

rFire    . . .     SeeInvis .   a - +1 flail
rCold    . . .     Gourm    .   c - +0 kite shield
rNeg     + . .     Faith    .   b - +0 scale mail
rPois    ∞         Spirit   .   y - +1 helmet
rElec    +         Reflect  .   t - +2 cloak
rCorr    .         Harm     .   (no gloves)
MR       .....                  (no boots)
Stlth    ..........             (no amulet)
HPRegen  0.13/turn              u - +6 ring of strength
MPRegen  0.10/turn              (no ring)

@: glowing
A: negative energy resistance 1, electricity resistance, unbreathing,
petrification resistance, rot immunity, AC +4
a: Renounce Religion


You were on level 4 of the Dungeon.
You worshipped the Shining One.
The Shining One was noncommittal.
You were not hungry.

You visited 1 branch of the dungeon, and saw 4 of its levels.

You collected 229 gold pieces.

Inventory:

Hand Weapons
 a - a +1 flail (weapon)
Armour
 b - a +0 scale mail (worn)
 c - a +0 kite shield (worn)
 t - a +2 cloak (worn)
 y - a +1 helmet (worn)
Jewellery
 u - a +6 ring of strength (left hand)
Scrolls
 g - a scroll of fog
 h - 2 scrolls of teleportation {@r3}
Potions
 i - a potion of heal wounds {unknown}
 j - a potion of stabbing {unknown}
 k - a potion of might {@q3}
 n - a potion of haste {@q4}
 p - a potion of ambrosia
 r - a potion of flight
 v - a potion of lignification {unknown}
Comestibles
 d - 2 chunks of flesh
 e - 4 rations


   Skills:
 * Level 4.8 Fighting
 * Level 3.9 Maces & Flails
 + Level 4.1 Armour
 + Level 4.1 Shields
 + Level 1.1 Invocations


You had 5 spell levels left.
You didn't know any spells.
Your spell library was empty.

Dungeon Overview and Level Annotations

Branches:
Dungeon (4/15)
 Temple: D:4-7

Altars:
Vehumet
The Shining One


Innate Abilities, Weirdness & Mutations

You are resistant to torment.
Your stone body is resilient. (AC +4)
You are immune to poison.
You resist negative energy. (rN+)
You are resistant to electric shocks. (rElec)
You can survive without breathing.
You are immune to petrification.
You are immune to rotting.


Message History

Found 20 arrows.
A gnoll comes into view.
The gnoll shouts!
The orc priest hits you but does no damage.
You sock the orc priest!
The orc priest is almost dead.
The orc priest invokes the aid of Beogh against you.
Beogh smites you!
* * * LOW HITPOINT WARNING * * *
A gnoll comes into view. It is wielding a +0 halberd.
An orc comes into view. It is wielding a +0 whip.
The orc priest looks satisfied for a moment.
You are too injured to fight recklessly!
You are too injured to fight recklessly!
You are too injured to fight recklessly!
You are too injured to fight recklessly!
You are too injured to fight recklessly!
You are too injured to fight recklessly!
You are too injured to fight recklessly!
You are too injured to fight recklessly!
You are too injured to fight recklessly!
You are too injured to fight recklessly!
You are too injured to fight recklessly!
You are too injured to fight recklessly!
You are too injured to fight recklessly!
You closely miss the orc priest.
The orc priest is almost dead.
The orc priest hits you.
* * * LOW HITPOINT WARNING * * *
You barely miss the orc priest.
The orc priest is almost dead.
The orc priest calls down the wrath of Beogh upon you.
Pain shoots through your body!
* * * LOW HITPOINT WARNING * * *
You block the gnoll's attack.
You closely miss the orc priest.
The orc priest is almost dead.
You block the orc priest's attack. The gnoll barely misses you.
You block the orc priest's attack.
You sock the orc priest!
You kill the orc priest!
The Shining One accepts your kill.
You have reached level 6!
Your experience leads to an increase in your attributes!
Your base attributes are Str 20, Int 9, Dex 9.
Increase (s)trength, (i)ntelligence, or (d)exterity?
You feel stronger. The gnoll closely misses you. You block the orc's attack.
You block the orc's attack. The gnoll closely misses you.
You hit the orc but do no damage. The orc hits you but does no damage.
The gnoll barely misses you.
You closely miss the orc. The orc hits you but does no damage.
You block the gnoll's attack.
You sock the orc!
You kill the orc!
You block the gnoll's attack.
You sock the gnoll!
The gnoll is severely wounded.
You block the gnoll's attack. The gnoll completely misses you.
The gnoll barely misses you. You block the gnoll's attack.
You barely miss the gnoll.
The gnoll is severely wounded.
You block the gnoll's attack. x2; The gnoll hits you but does no damage.
You closely miss the gnoll.
The gnoll is severely wounded.
The gnoll hits you but does no damage. x2; The gnoll barely misses you.
You hit the gnoll.
The gnoll is almost dead.
The gnoll barely misses you. You block the gnoll's attack. x2
You hit the gnoll but do no damage.
The gnoll is almost dead.
You block the gnoll's attack. x2; The gnoll closely misses you.
The gnoll barely misses you. The gnoll closely misses you.
You completely miss the gnoll.
The gnoll is almost dead.
You block the gnoll's attack. The gnoll barely misses you.
The gnoll hits you but does no damage.
Your shield prevents you from hitting the gnoll.
The gnoll is almost dead.
The gnoll closely misses you. The gnoll hits you but does no damage.
The gnoll barely misses you.
You bludgeon the gnoll!!
You kill the gnoll!
The gnoll hits you but does no damage. The gnoll barely misses you.
You sock the orc!
You kill the orc!
The gnoll hits you but does no damage. x3
The gnoll barely misses you. The gnoll hits you but does no damage.
The gnoll hits you with a +0 halberd.
* * * LOW HITPOINT WARNING * * *
Items here: $ ))) ?? [[ †† You closely miss the gnoll.
You block the gnoll's attack. The gnoll hits you but does no damage.
You block the gnoll's attack.
You hit the gnoll but do no damage.
The gnoll hits you but does no damage. x3
You closely miss the gnoll. You block the gnoll's attack.
The gnoll hits you but does no damage. x2
You sock the gnoll!
The gnoll is severely wounded.
You block the gnoll's attack. x2; The gnoll hits you with a +0 halberd.
You die...

.. ##### #$.#. .... # #..
.... ..# ######.#
.##..##..####.##........
...?........)..........
##..##..###...# ....(.#
....$........##g..#
#####..#........@g..##
.........†##...##g..#.
...#....#.##...##...#.
##.#.......#...##.....
........##.#...##......# #
...#.#(###.#...##.....##§#
............!..##.....<.§#
.....#.###..#..##...######
.#####.## #.# ...


You could see 3 gnolls.

Vanquished Creatures
  An orc priest (D:4)
  Crazy Yiuf (D:3)
  A hound (D:4)
  An iguana (D:4)
  Terence (D:2)
  3 adders
  A gnoll (D:4)
  An ooze (D:2)
  An adder zombie (D:3)
  A worm (D:2)
  A dart slug (D:4)
  2 orcs (D:4)
  2 ball pythons (D:2)
  A giant cockroach (D:2)
  10 hobgoblins
  3 jackals (D:2)
  6 kobolds
  A quokka (D:4)
  6 bats
  2 frilled lizards
  10 goblins
  9 rats
  2 fungi (D:3)
67 creatures vanquished.

Notes
Turn   | Place    | Note
-------+----------+-------------------------------------------
     0 | D:1      | EnegeticOcto the Gargoyle Fighter began the quest for the
                  | Orb.
     0 | D:1      | Reached XP level 1. HP: 14/14 MP: 1/1
   167 | D:1      | Reached XP level 2. HP: 19/19 MP: 2/2
   684 | D:2      | Reached XP level 3. HP: 24/24 MP: 3/3
   990 | D:2      | Reached XP level 4. HP: 29/29 MP: 4/4
  1114 | D:2      | Found a radiant altar of Vehumet.
  1264 | D:2      | Noticed Terence
  1284 | D:2      | Killed Terence
  2032 | D:3      | Found a glowing golden altar of the Shining One.
  2281 | D:3      | Became a worshipper of the Shining One
  2438 | D:3      | Found a runed translucent door.
  2439 | D:3      | Noticed Crazy Yiuf
  2455 | D:3      | Killed Crazy Yiuf
  2455 | D:3      | Reached XP level 5. HP: 8/34 MP: 5/5
  3026 | D:4      | Reached skill level 1 in Invocations
  3037 | D:4      | Reached XP level 6. HP: 6/40 MP: 6/6
  3056 | D:4      | Slain by a gnoll

Illustrated notes

Levels and vault maps discovered:
D:1:      mainiacjoe_arrival_reflecting_pool, layout_loops_cross
D:2:      layout_basic, fiery_altar_vehumet, uniq_terence
D:3:      layout_loops_cross, tso_metal_star, uniq_crazy_yiuf_cottage
D:4:      layout_basic

Skill      XL: |  1  2  3  4  5 |
---------------+----------------+-----
Fighting       | 4 |  4.8
Maces & Flails | 3 |  3.9
Shields        | 4 |  4.1
Armour         | 4 |  4.1
Invocations    | 1 |  1.1

Action                   |  1- 3 |  4- 6 || total
-------------------------+-------+-------++-------
Melee: Flail             |   110 |   173 ||   283
  Use: Scroll            |       |    13 ||    13
  Eat: Chunk             |       |     4 ||     4
       Ration            |       |     2 ||     2
Armor: Scale mail        |    77 |    78 ||   155
Dodge: Dodged            |    46 |    67 ||   113
Block: Kite shield       |    64 |    94 ||   158
